 Dungeon Crawl Stone Soup version 0.17.1-1-g73c8601 (webtiles) character file.

101 ImaNewbie the Vexing (level 5, -3/35 HPs)
             Began as a Formicid Enchanter on Jan 6, 2016.
             Slain by a hound (4 damage)
             ... on level 4 of the Dungeon on Jan 8, 2016.
             The game lasted 00:11:51 (3432 turns).

ImaNewbie the Vexing (Formicid Enchanter)           Turns: 3432, Time: 00:11:51

Health: -3/35      AC:  4    Str: 14    XL:     5   Next: 4%
Magic:  8/8        EV: 11    Int: 14    God:
Gold:   66         SH:  0    Dex: 11    Spells: 1 memorised, 7 levels left

rFire  . . .     SeeInvis +     t - +0 whip
rCold  . . .     Clarity  .     s - +0 leather armour {MR+}
rNeg   . . .     SustAt   .     (no shield)
rPois  .         Gourm    .     (helmet unavailable)
rElec  .         Spirit   .     r - +0 cloak
rCorr  .         Warding  .     (no gloves)
rMut   .         Stasis   +     (no boots)
MR     +....                    p - amulet of inaccuracy (curse)
Stlth  ++........               (no ring)
                                (no ring)

@: somewhat resistant to hostile enchantments, unstealthy
A: permanent stasis, dig shafts and tunnels, four strong arms, antennae 3
a: Dig, Shaft Self


You were on level 4 of the Dungeon.
You were hungry.

You visited 1 branch of the dungeon, and saw 4 of its levels.

You collected 66 gold pieces.

Inventory:

Hand Weapons
 b - a +0 blowgun
 n - a +0 flail
 t - a +0 whip (weapon)
Missiles
 h - 25 poisoned needles
Armour
 l - a +1 robe
 r - a +0 cloak (worn)
 s - a +0 leather armour of magic resistance (worn)
Jewellery
 i - an uncursed amulet of resist mutation
 p - a cursed amulet of inaccuracy (around neck)
Scrolls
 f - a scroll of enchant armour {unknown}
 q - a scroll of identify
Potions
 a - 2 potions of might {unknown}
 e - 4 potions of curing
 g - a potion of haste {unknown}
Books
 c - a book of Maledictions

   Spells                             Type                      Level
   a - Corona                         Hexes                        1
   b - Ensorcelled Hibernation        Hexes/Ice                    2
   c - Confuse                        Hexes                        3
   d - Tukima's Dance                 Hexes                        3
   e - Dazzling Spray                 Conjuration/Hexes            3
Comestibles
 d - 2 bread rations
 j - a meat ration
 k - a beef jerky
 m - 3 chunks of flesh
 o - a slice of pizza


   Skills:
   Level 1.0 Short Blades
 * Level 3.0 Maces & Flails
 - Level 1.7 Dodging
 - Level 3.6 Stealth
 - Level 2.1 Spellcasting
 + Level 5.0 Hexes


You had 7 spell levels left.
You knew the following spells:

 Your Spells              Type           Power        Failure   Level  Hunger
a - Corona                Hex            ###....      4%          1    #......


Dungeon Overview and Level Annotations

Branches:
Dungeon (4/15)
 Temple: D:4-7

Altars:


Innate Abilities, Weirdness & Mutations

You are under a permanent stasis effect.
You can dig through walls and to a lower floor.
Your four strong arms can wield two-handed weapons with a shield.
You have a pair of large antennae on your head (SInv).


Message History

The hound closely misses you. The hound bites you.
* * * LOW HITPOINT WARNING * * *
You miss the hound.
The hound is severely wounded.
The hound bites you but does no damage.
You closely miss the hound.
The hound is severely wounded.
The hound misses you.
You miss the hound.
The hound is severely wounded.
The hound bites you but does no damage. The hound barely misses you.
You hit the hound but do no damage.
The hound is severely wounded.
The hound barely misses you.
You barely miss the hound.
The hound is severely wounded.
The hound bites you.
* * * LOW HITPOINT WARNING * * *
The hound bites you.
You die...

.# #.. #.# #. {#.# #. {
#.# #########. { { #.#
#.......#.
######.###.#####.#.
###..^...#.......#.#.
#...@..#.#.#.#.....#.
#..h$.##.#.#.#####.#.
#......##.#.#.#.......
.......####.#.#.#.######
###########.#...#.#<#.#
...........#........##
########...##.##.#..#♣♣
#......##.####♣.
#....####.# ♣.


You could see a hound.

Vanquished Creatures
  4 adders
  A worm (D:2)
  3 orcs
  2 ball pythons
  7 bats
  10 goblins
  4 hobgoblins
  4 jackals (D:4)
  7 giant cockroaches
  2 giant geckos (D:2)
  5 giant newts
  6 kobolds
  7 rats
62 creatures vanquished.

Notes
Turn   | Place    | Note
--------------------------------------------------------------
     0 | D:1      | ImaNewbie the Formicid Enchanter began the quest for the Orb.
     0 | D:1      | Reached XP level 1. HP: 13/13 MP: 3/3
    23 | D:1      | Reached skill level 4 in Hexes
    54 | D:1      | Reached XP level 2. HP: 17/19 MP: 5/5
   971 | D:1      | Reached XP level 3. HP: 22/24 MP: 6/6
  1019 | D:2      | Reached skill level 1 in Maces & Flails
  1654 | D:2      | Reached XP level 4. HP: 26/30 MP: 7/7
  2532 | D:3      | Reached skill level 5 in Hexes
  3288 | D:4      | Reached XP level 5. HP: 35/35 MP: 8/8
  3432 | D:4      | HP: 1/35 [hound (4)]
  3432 | D:4      | Slain by a hound

Action                   |  1- 3 |  4- 6 || total
-------------------------+-------+-------++-------
Melee: Dagger            |   140 |    40 ||   180
       Whip              |       |   115 ||   115
       Flail             |       |    15 ||    15
 Cast: Corona            |     6 |     5 ||    11
  Use: Scroll            |       |     5 ||     5
       Potion            |       |     3 ||     3
 Stab: Sleeping          |     9 |     3 ||    12
  Eat: Chunk             |     3 |     5 ||     8
